 Dungeon Crawl Stone Soup version 0.30.1-4-g462c640d31 (webtiles) character file.

Game seed: 6333994310306861924

310 wingedge the Chopper (level 5, -5/46 HPs)
             Began as a Demigod Wanderer on Aug 28, 2023.
             Slain by a water moccasin (7 damage)
             ... on level 5 of the Dungeon.
             The game lasted 00:12:33 (3885 turns).

wingedge the Chopper (Demigod Wanderer)             Turns: 3885, Time: 00:12:34

Health: -5/46      AC:  7    Str: 17    XL:     5   Next: 95%
Magic:  9/9        EV: 10    Int: 15    God:
Gold:   214        SH:  0    Dex: 12    Spells: 5/6 levels left

rFire   . . .        x - +2 whip (elec)
rCold   . . .        (no shield)
rNeg    . . .        j - +0 ring mail
rPois   .            q - +0 helmet
rElec   .            (no cloak)
rCorr   .            m - +0 pair of gloves
SInv    .            (no boots)
Will    .....        z - amulet of the acrobat
Stlth   +            (no ring)
HPRegen 0.27/turn    (no ring)
MPRegen 0.11/turn

%: acrobat
@: lethally poisoned (-5 -> -14)
A: high MP 1, forlorn, divine attributes
a: no special abilities


You were on level 5 of the Dungeon.
You visited 1 branch of the dungeon, and saw 5 of its levels.

You collected 214 gold pieces.

Inventory:

Hand Weapons
 a - a +2 hand axe
 b - a +0 broad axe
 g - a +1 short sword of venom
 r - a +0 sling
 x - a +2 whip of electrocution (weapon)
Missiles
 y - 2 atropa-tipped darts
Armour
 d - a +0 robe
 j - a +0 ring mail (worn)
 m - a +0 pair of gloves (worn)
 q - a +0 helmet (worn)
Magical Staves
 o - a staff of death
 t - a staff of cold
Jewellery
 e - an amulet of magic regeneration
 z - an amulet of the acrobat (around neck)
Wands
 v - a wand of polymorph (5) (quivered)
Scrolls
 f - 5 scrolls of identify {unknown}
 h - 3 scrolls of teleportation {unknown}
 l - a scroll of amnesia {unknown}
 n - 2 scrolls of enchant weapon {unknown}
 s - a scroll of fog {unknown}
 u - 3 scrolls of summoning {unknown}
Potions
 c - a potion of magic
 i - a potion of resistance {unknown}
 k - a potion of heal wounds {unknown}
 p - a potion of attraction {unknown}
 w - 3 potions of curing {unknown}
 A - a potion of might {unknown}
 B - 2 potions of lignification {unknown}


   Skills:
 + Level 3.6 Fighting
 - Level 5.0 Axes
 + Level 1.9 Armour
 - Level 1.0 Spellcasting
 + Level 1.1 Conjurations
 - Level 1.0 Necromancy
 + Level 1.2 Air Magic
 - Level 2.0 Evocations


You had 5 spell levels left.
You knew the following spells:

 Your Spells              Type           Power      Damage    Failure   Level
a - Shock                 Conj/Air       16%        1d4       26%         1

Your spell library contained the following spells:

 Spells                   Type           Power      Damage    Failure   Level
 Sublimation of Blood     Necr           3%         N/A       41%         2
 Cigotuvi's Dreadful Rot  Necr/Pois/Air  4%         N/A       45%         2
 Momentum Strike          Conj/Tloc      4%         3d8       47%         2
 Blink                    Tloc           0%         N/A       54%         2
 Lesser Beckoning         Tloc           0%         N/A       54%         2
 Swiftness                Air            4%         N/A       63%         3
 Airstrike                Air            2%         2d(1-17)  95%         4
 Fireball                 Conj/Fire      1%         3d3       100%        5
 Iskenderun's Battlesphe  Conj           4%         2d6       100%        5
 Conjure Ball Lightning   Conj/Air       2%         3x3d6     100%        6
 Orb of Destruction       Conj           2%         9d5       100%        7


Dungeon Overview and Level Annotations

Branches:
Dungeon (5/15)             Temple (0/1) D:4

Shops:
D:3 (

Annotations:
D:3 3 runed translucent doors, arthad's ghost, amateur VSFi


Innate Abilities, Weirdness & Mutations

You have an increased reservoir of magic. (+10% MP)
You shall have no god before yourself.
Your divine heritage dramatically boosts your attributes as you level up.


Message History

You hit the water moccasin.
The water moccasin is heavily wounded.
The water moccasin barely misses you.
You miss the water moccasin.
The water moccasin is heavily wounded.
The water moccasin bites you.
You closely miss the water moccasin.
The water moccasin is heavily wounded.
The water moccasin closely misses you. The water moccasin bites you!
You closely miss the water moccasin.
The water moccasin is heavily wounded.
The water moccasin bites you.
You are poisoned.
The water moccasin poisons you!
You closely miss the water moccasin.
The water moccasin is heavily wounded.
You feel very sick. The water moccasin bites you.
Okay, then.
You barely miss the water moccasin.
The water moccasin is heavily wounded.
You feel sick.
The water moccasin bites you but does no damage.
The water moccasin barely misses you.
You hit the water moccasin.
The water moccasin is heavily wounded.
You feel sick. The water moccasin bites you.
* * * LOW HITPOINT WARNING * * *
You are lethally poisoned!
The water moccasin poisons you!
You barely miss the water moccasin.
The water moccasin is heavily wounded.
* * * LOW HITPOINT WARNING * * *
You feel very sick. The water moccasin closely misses you.
It was a potion of magic.
Magic courses through your body.
* * * LOW HITPOINT WARNING * * *
You feel very sick. The water moccasin barely misses you.
The water moccasin bites you!
You die...

#.# . #.# #. #(#
##.#####.#
.......#.#
#####.....######
......#........##
....#.S.>.........
.......@######.##.
....#.### .# ...
#. .. #


You could see a water moccasin.

Vanquished Creatures
  An ogre (D:3)
  A hound (D:4)
  An orc wizard (D:3)
  A gnoll (D:1)
  8 adders
  2 dart slugs
  8 orcs
  6 endoplasms
  A giant cockroach (D:1)
  4 goblins
  8 hobgoblins
  6 jackals
  5 kobolds
  2 quokkas (D:1)
  11 ball pythons
  5 bats
  4 frilled lizards
  10 rats
84 creatures vanquished.

Vanquished Creatures (others)
  A jelly (D:4)
1 creature vanquished.

Grand Total: 85 creatures vanquished

Notes
Turn   | Place    | Note
-------+----------+-------------------------------------------
     0 | D:1      | wingedge the Demigod Wanderer began the quest for the Orb.
     0 | D:1      | wingedge set off with the following items: a +2 hand axe, a
                  | wand of polymorph (7), a scroll of fear, a +0 robe; and the
                  | following spells available to memorise: Sublimation of
                  | Blood, Cigotuvi's Dreadful Rot.
     0 | D:1      | Reached XP level 1. HP: 17/17 MP: 4/4
    66 | D:1      | Reached skill level 4 in Axes
   123 | D:1      | Reached XP level 2. HP: 24/24 MP: 5/5
   442 | D:1      | Reached XP level 3. HP: 12/29 MP: 6/6
   858 | D:2      | Reached skill level 5 in Axes
   997 | D:2      | Reached XP level 4. HP: 34/36 MP: 8/8
  1769 | D:3      | Found Okhoh's Antique Weapon Shop.
  2003 | D:3      | Reached skill level 1 in Armour
  2153 | D:3      | Reached XP level 5. HP: 43/45 MP: 9/9
  2231 | D:3      | Found a runed translucent gate.
  2231 | D:3      | Found a runed translucent gate.
  2233 | D:3      | Identified the +3 short sword of Zuheymoel {spect, rN+}
  2233 | D:3      | Identified the +1 leather armour "Johom" {Slay+2}
  2234 | D:3      | Found a runed translucent gate.
  2244 | D:3      | Noticed arthad's ghost (amateur VSFi)
  2610 | D:4      | Noticed Pikel
  2625 | D:3      | Pikel changed into Pikel the ogre
  2625 | D:3      | Noticed Pikel
  2858 | D:3      | Killed Pikel the ogre
  2859 | D:3      | Reached skill level 1 in Conjurations
  2859 | D:3      | Reached skill level 1 in Air Magic
  2980 | D:3      | Learned a level 1 spell: Shock
  3557 | D:4      | Found a staircase to the Ecumenical Temple.
  3792 | D:5      | Entered Level 5 of the Dungeon
  3865 | D:5      | Noticed a water moccasin
  3885 | D:5      | HP: 2/46 [poisoned by a water moccasin]
  3885 | D:5      | Slain by a water moccasin

Illustrated notes

Levels and vault maps discovered:
D:1:      lightli_arrival_noodles, layout_rooms
D:2:      layout_rooms, minmay_indecisive_spiral
D:3:      minmay_door_path, layout_loops_ring,
          chequers_ecumenical_altar_simple_redux, biasface_ghost_orc_armoury,
          serial_shops, nicolae_shop_peninsula
D:4:      layout_loops_cross, lemuel_round_altar, lemuel_temple_firewalk_b,
          uniq_pikel
D:5:      layout_basic

Skill      XL: |  1  2  3  4  5 |
---------------+----------------+-----
Axes           | 4 5 |  5.0
Fighting       | 2 3 |  3.6
Evocations     | 2 |  2.0
Armour         | 1 |  1.9
Conjurations   | 1 |  1.1
Air Magic      | 1 |  1.2
Spellcasting   | |  1.0
Necromancy     | |  1.0

Action                     |  1- 3 |  4- 6 || total
---------------------------+-------+-------++-------
  Melee: Hand axe          |   115 |   151 ||   266
         Punch             |     3 |     2 ||     5
         Whip              |       |    14 ||    14
         Short sword       |       |     6 ||     6
   Fire: Sling             |       |     5 ||     5
   Cast: Shock             |       |     9 ||     9
  Evoke: Wand              |     1 |     1 ||     2
    Use: Scroll            |       |     1 ||     1
         Potion            |       |     1 ||     1
 Armour: Robe              |     6 |       ||     6
         Ring mail         |    18 |    70 ||    88
  Dodge: Dodged            |    67 |    97 ||   164
